 Dungeon Crawl Stone Soup version 0.30-a0-1157-g2cc9ac7196 (webtiles) character file.

Game seed: 17414971443705693161

4214 iamoutofideas the Severer (level 10, -4/88 HPs)
             Began as a Hill Orc Monk on Apr 24, 2023.
             Was an Initiate of Gozag.
             Slain by a two-headed ogre
             ... wielding a +0 giant spiked club
              (9 damage)
             ... on level 8 of the Dungeon.
             The game lasted 00:09:56 (9163 turns).

iamoutofideas the Severer (Hill Orc Monk)           Turns: 9163, Time: 00:09:57

Health: -4/88      AC: 12    Str: 19    XL:     10   Next: 29%
Magic:  10/10      EV: 10    Int: 10    God:    Gozag
Gold:   394        SH:  5    Dex: 13    Spells: 9/9 levels left

rFire   . . .        e - +5 war axe (protect)
rCold   . . .        d - orb {light}
rNeg    . . .        a - +3 scale mail
rPois   .            (no helmet)
rElec   .            w - +0 cloak
rCorr   .            x - +0 pair of gloves
SInv    .            (no boots)
Will    +....        C - amulet of reflection
Stlth   +            m - ring "Coemec" {Will+ Slay+2 Stlth+}
HPRegen 0.34/turn    (no ring)
MPRegen 0.12/turn

%: reflection
@: glowing
A: no striking features
a: Renounce Religion, Potion Petition, Call Merchant, Bribe Branch


You were on level 8 of the Dungeon.
You worshipped Gozag.
Gozag was aware of your devotion.
You visited 2 branches of the dungeon, and saw 9 of its levels.

You collected 1399 gold pieces.
You paid 1005 gold pieces to Gozag.

Inventory:

Hand Weapons
 e - a +5 war axe of protection (weapon)
 G - a +0 war axe
 L - a +1 whip of flaming
Missiles
 y - 2 throwing nets (quivered)
Armour
 a - a +3 scale mail (worn)
 d - an orb of light (worn)
 w - a +0 cloak (worn)
 x - a +0 pair of gloves (worn)
 E - a +0 buckler
 H - a +0 plate armour
Jewellery
 f - a ring of willpower
 m - the ring "Coemec" (left hand) {Will+ Slay+2 Stlth+}
   (You found it on level 2 of the Dungeon)

   [ring of willpower]

   Slay:      It affects your accuracy & damage with ranged weapons and melee
   (+2).
   Will:      It increases your willpower.
   Stlth:     It makes you more stealthy.
 r - a ring of magical power
 C - an amulet of reflection (around neck)
Wands
 i - a wand of polymorph (14)
 q - a wand of charming (4)
Scrolls
 g - 3 scrolls of teleportation
 j - 2 scrolls of magic mapping {unknown}
 k - 3 scrolls of enchant armour
 l - a scroll of fog
 v - a scroll of poison
Potions
 b - a potion of cancellation {unknown}
 c - 4 potions of ambrosia
 h - a potion of berserk rage {unknown}
 n - 2 potions of might
 o - a potion of invisibility {unknown}
 p - a potion of resistance
 s - 2 potions of brilliance {unknown}
 z - 2 potions of mutation
 A - a potion of degeneration {unknown}
 B - a potion of magic {unknown}
 D - a potion of lignification {unknown}
 I - a potion of haste {unknown}
 J - 2 potions of curing


   Skills:
 + Level 7.8 Fighting
 + Level 16.7 Axes
 + Level 2.9 Armour
 + Level 3.0 Dodging
 + Level 1.2 Shields


You had 9 spell levels left.
You didn't know any spells.
Your spell library contained the following spells:

 Spells                   Type           Power      Damage    Failure   Level
 Beastly Appendage        Tmut           0%         N/A       75%         1
 Shock                    Conj/Air       0%         1d3       75%         1
 Ensorcelled Hibernation  Hex/Ice        0%         N/A       86%         2
 Passwall                 Tmut/Erth      0%         N/A       86%         2
 Poisonous Vapours        Pois/Air       0%         N/A       86%         2
 Wereblood                Tmut           0%         N/A       86%         2
 Inner Flame              Hex/Fire       0%         N/A       98%         3
 Mephitic Cloud           Conj/Pois/Air  0%         N/A       98%         3
 Spider Form              Tmut/Pois      0%         N/A       98%         3
 Swiftness                Air            0%         N/A       98%         3
 Airstrike                Air            0%         2d(0-16)  100%        4
 Flame Wave               Conj/Fire      0%         2d4       100%        4
 Sticky Flame             Conj/Fire      0%         2d3       100%        4
 Freezing Cloud           Conj/Ice/Air   0%         6-21      100%        5


Dungeon Overview and Level Annotations

Branches:
Dungeon (8/15)             Temple (1/1) D:7
   Lair: D:8-11

Altars:
Ashenzari
Cheibriados
Dithmenos
Elyvilon
Fedhas
Gozag
Hepliaklqana
Kikubaaqudgha
Makhleb
Nemelex Xobeh
Okawaru
Qazlal
Ru
Trog
Uskayaw
Vehumet
Wu Jian
Xom
Yredelemnul
Zin
The Shining One

Shops:
D:3 *

Portals:
Abyss: D:6

Annotations:
D:5 3 runed translucent doors, exclusion: downstairs, backslashecho's ghost, novice MfGl
D:6 2 transporters, qeuew's ghost, amateur OpBr
D:7 1 runed translucent door, TheSexyCheese's ghost, novice OgFE


Message History

You block the two-headed ogre's attack.
Okay, then.
Okay, then.
Okay, then.
Aiming: Charm
Press: ? - help, Shift-Dir - straight line, f - two-headed ogre
Aim: a two-headed ogre, wielding a +0 giant spiked club and a +0 dire flail (heavily wounded, haloed, chance to affect: 31%)
Okay, then.
Aiming: Polymorph
Press: ? - help, Shift-Dir - straight line, f - two-headed ogre
Aim: a two-headed ogre, wielding a +0 giant spiked club and a +0 dire flail (heavily wounded, haloed, will become a polar bear, an eye of devastation, or a deep troll, chance to affect: 31%)
Okay, then.
Unknown command.
Aiming: Charm
Press: ? - help, Shift-Dir - straight line, f - two-headed ogre
Aim: a two-headed ogre, wielding a +0 giant spiked club and a +0 dire flail (heavily wounded, haloed, chance to affect: 31%)
The two-headed ogre easily resists.
Aiming: Charm
Press: ? - help, Shift-Dir - straight line, f/p - two-headed ogre
Aim: a two-headed ogre, wielding a +0 giant spiked club and a +0 dire flail (heavily wounded, haloed, chance to affect: 31%)
The two-headed ogre easily resists.
The two-headed ogre barely misses you. You block the two-headed ogre's attack.
Aiming: Charm
Press: ? - help, Shift-Dir - straight line, f/p - two-headed ogre
Aim: a two-headed ogre, wielding a +0 giant spiked club and a +0 dire flail (heavily wounded, haloed, chance to affect: 31%)
The two-headed ogre easily resists.
The two-headed ogre completely misses you.
The two-headed ogre hits you with a +0 dire flail!
* * * LOW HITPOINT WARNING * * *
Aiming: Charm
Press: ? - help, Shift-Dir - straight line, f/p - two-headed ogre
Aim: a two-headed ogre, wielding a +0 giant spiked club and a +0 dire flail (heavily wounded, haloed, chance to affect: 31%)
The two-headed ogre easily resists.
Aiming: Charm
Press: ? - help, Shift-Dir - straight line, f/p - two-headed ogre
Aim: a two-headed ogre, wielding a +0 giant spiked club and a +0 dire flail (heavily wounded, haloed, chance to affect: 31%)
The two-headed ogre easily resists.
The two-headed ogre hits you with a +0 giant spiked club!
You die...
Your body crumbles into a pile of gold.

..#####'###
#.....##.##.# #...#
#..<..##.##.#
....### #.#.#
#....>##.##.#
.......
#.#.###...........#
......
#.#..........##+###
#....
#.##########.......
#.... #....#
###.......
#....##$##.#
............
#......O@#
.....###......
#.....#..# ...
#......
........#..# ...
#......
.....'###..# . .
#...### ../..' ...#
#....## ..... ...##
#...... ..... ...+
#.....( .... ....#
#...... ....
...##+#..


You could see a two-headed ogre.

Vanquished Creatures
  A two-headed ogre (D:8)
  Pikel (D:7)
  A troll (D:8)
  A hornet (D:7)
  A water moccasin (D:6)
  3 orc warriors
  2 ice beasts
  2 black bears (D:7)
  A centaur (D:7)
  4 lemures (D:7)
  2 kobold brigands
  2 bullfrogs (D:7)
  A scorpion (D:6)
  5 wights (D:8)
  A howler monkey (D:6)
  5 killer bees
  2 jellies (D:5)
  3 hounds
  10 orc priests
  Crazy Yiuf (D:3)
  5 iguanas
  11 orc wizards
  8 adders
  2 shadow imps
  2 worms (D:2)
  3 dart slugs
  30 orcs
  8 ball pythons
  8 endoplasms
  2 giant cockroaches (D:1)
  8 goblins
  6 hobgoblins
  5 jackals
  15 kobolds
  2 quokkas
  6 bats
  A frilled lizard (D:2)
  4 rats
175 creatures vanquished.

Vanquished Creatures (others)
  A gnoll (D:6)
  3 toadstools (D:4)
4 creatures vanquished.

Grand Total: 179 creatures vanquished

Notes
Turn   | Place    | Note
-------+----------+-------------------------------------------
     0 | D:1      | iamoutofideas the Hill Orc Monk began the quest for the
                  | Orb.
     0 | D:1      | Reached XP level 1. HP: 19/19 MP: 1/1
   151 | D:1      | Reached XP level 2. HP: 21/27 MP: 2/2
   711 | D:1      | Reached XP level 3. HP: 23/33 MP: 3/3
   751 | D:1      | Found a faded altar of an unknown god.
   968 | D:2      | Found an opulent altar of Gozag.
  1041 | D:2      | Reached skill level 5 in Axes
  1076 | D:2      | Became a worshipper of Gozag Ym Sagoz the Greedy
  1153 | D:2      | Identified the ring "Coemec" {Will+ Slay+2 Stlth+}
  1375 | D:2      | Reached XP level 4. HP: 35/40 MP: 4/4
  1680 | D:3      | Reached skill level 6 in Axes
  2152 | D:3      | Found Bacw's Assorted Antiques.
  2584 | D:3      | Found a runed translucent door.
  2585 | D:3      | Noticed Crazy Yiuf
  2596 | D:3      | Killed Crazy Yiuf
  2597 | D:3      | Reached XP level 5. HP: 37/46 MP: 5/5
  2763 | D:4      | Reached skill level 7 in Axes
  2942 | D:4      | Reached XP level 6. HP: 38/53 MP: 6/6
  2946 | D:4      | Reached skill level 8 in Axes
  3380 | D:4      | Identified the +0 robe of Compression {rF+}
  3782 | D:5      | Entered Level 5 of the Dungeon
  3897 | D:5      | Noticed an ice beast
  3906 | D:5      | Killed an ice beast
  3907 | D:5      | Reached skill level 5 in Fighting
  4102 | D:5      | Reached XP level 7. HP: 27/61 MP: 7/7
  4279 | D:5      | Found a stormy altar of Qazlal.
  4367 | D:5      | Reached skill level 9 in Axes
  4453 | D:5      | Noticed backslashecho's ghost (novice MfGl)
  4454 | D:5      | Found a runed translucent gate.
  4454 | D:5      | Found a runed translucent gate.
  4455 | D:5      | Found a runed translucent gate.
  5022 | D:6      | Reached skill level 10 in Axes
  5027 | D:6      | Reached XP level 8. HP: 57/71 MP: 8/8
  5301 | D:6      | Found a transporter.
  5307 | D:6      | Found a transporter.
  5310 | D:6      | Noticed a purple ugly thing
  5315 | D:6      | Found a one-way gate to the infinite horrors of the Abyss.
  5315 | D:6      | Noticed a hellwing
  6006 | D:6      | Noticed qeuew's ghost (amateur OpBr)
  6086 | D:6      | Reached skill level 11 in Axes
  6667 | D:6      | Reached skill level 12 in Axes
  7109 | D:7      | Noticed a hornet
  7116 | D:7      | Paralysed by a hornet for 3 turns
  7119 | D:7      | Killed a hornet
  7120 | D:7      | Reached skill level 13 in Axes
  7120 | D:7      | Reached XP level 9. HP: 56/79 MP: 9/9
  7203 | D:7      | Identified the +1 spear "Gaokoesk" {heavy, Str+2}
  7272 | D:7      | Reached skill level 14 in Axes
  7521 | D:7      | Found a runed translucent door.
  7539 | D:7      | Found a shimmering altar of Xom.
  7539 | D:7      | Noticed TheSexyCheese's ghost (novice OgFE)
  7540 | D:7      | Noticed a +0 quarterstaff of chaos
  7707 | D:7      | Found a staircase to the Ecumenical Temple.
  7723 | Temple   | Entered the Ecumenical Temple
  8257 | D:7      | Noticed Pikel
  8278 | D:7      | Killed Pikel
  8279 | D:7      | Reached skill level 15 in Axes
  8832 | D:8      | Noticed a two-headed ogre
  8840 | D:8      | Reached skill level 1 in Armour
  8844 | D:8      | Reached skill level 16 in Axes
  8850 | D:8      | Killed a two-headed ogre
  8851 | D:8      | Reached XP level 10. HP: 47/86 MP: 10/10
  8854 | D:8      | Reached skill level 1 in Shields
  9148 | D:8      | Noticed a two-headed ogre
  9163 | D:8      | Slain by a two-headed ogre

Illustrated notes

Levels and vault maps discovered:
D:1:      lightli_arrival_chessboard, layout_basic,
          ebering_ecumenical_altar_webs
D:2:      layout_loops_cross, basic_altar, chequers_serial_rivers_micro_a
D:3:      layout_basic, serial_shops, shop, uniq_crazy_yiuf_cottage
D:4:      layout_layer_cave, minmay_gold_behind_fungi
D:5:      layout_loops_ring, kennysheep_mini, gammafunk_ghost_split
D:6:      layout_loops_corners, gammafunk_ghost_abyssal_escape,
          corexii_corridor_pit, hangedman_decor_points
D:7:      minmay_spotlight, layout_loops_ring,
          minmay_temple_entry_statues_pillars, ebering_ghost_xom, uniq_pikel
D:8:      layout_basic, hex_large, minmay_guarded_unrand_finisher
Temple:   nicolae_temple_slightly_damp_pantheon

Skill      XL: |  1  2  3  4  5  6  7  8  9 10 |
---------------+-------------------------------+-----
Fighting       | 4 5 6 7 |  7.8
Axes           | 5 6 7 8 10 13 16 | 16.7
Armour         | 2 |  2.9
Dodging        | 3 |  3.0
Shields        | 1 |  1.2

Action                     |  1- 3 |  4- 6 |  7- 9 | 10-12 || total
---------------------------+-------+-------+-------+-------++-------
  Melee: Hand axe          |    90 |   144 |   300 |       ||   534
         War axe           |       |       |    25 |    24 ||    49
 Invoke: Potion Petition   |       |       |     3 |       ||     3
  Evoke: Wand              |       |     2 |     1 |     5 ||     8
    Use: Scroll            |       |     4 |    13 |       ||    17
         Potion            |       |     4 |     4 |       ||     8
   Stab: Distracted        |       |       |     1 |       ||     1
 Armour: Ring mail         |    27 |    47 |    86 |       ||   160
         Scale mail        |       |       |     3 |     6 ||     9
  Dodge: Dodged            |    53 |    64 |   133 |     4 ||   254
  Block: Orb               |       |       |    53 |     4 ||    57
         Reflection        |       |       |     1 |       ||     1

Table legend: (Time is in decaauts)
 A = Elapsed time spent in this place.
 B = Non-inter-level travel time spent in this place.
 C = Inter-level travel time spent in this place.
 D = Time resting spent in this place.
 E = Time spent auto-exploring this place.
 F = Levels seen in this place.
 G = Mean time per level.
                   A        B        C        D        E       F      G
               +--------+--------+--------+--------+--------+-----+--------+
         Total |   9066 |   8623 |    443 |   1783 |   5574 |   9 | 1007.3 |
       Dungeon |   8875 |   8451 |    424 |   1783 |   5422 |   8 | 1109.4 |
        Temple |    191 |    172 |     19 |      0 |    152 |   1 |  191.0 |
               +--------+--------+--------+--------+--------+-----+--------+

Top non-repeatable levels by time:
     D:6: 1821 daAuts
     D:7: 1496 daAuts
     D:5: 1387 daAuts
     D:4: 1109 daAuts
     D:3: 1004 daAuts
     D:1: 882 daAuts
     D:2: 786 daAuts
     D:8: 386 daAuts
  Temple: 191 daAuts
